 Dungeon Crawl Stone Soup version 0.27.0-1-g7a089689b8 (webtiles) character file.

Game seed: 5458712640376655343

4 Spectrina the Ducker (level 1, -1/13 HPs)
             Began as a Deep Elf Monk on Aug 11, 2021.
             Slain by an adder (4 damage)
             ... on level 3 of the Dungeon.
             The game lasted 00:00:53 (149 turns).

Spectrina the Ducker (Deep Elf Monk)                 Turns: 149, Time: 00:00:54

Health: -1/13      AC:  2    Str:  8    XL:     1   Next: 58%
Magic:  3/3        EV: 13    Int: 14    God:
Gold:   6          SH:  4    Dex: 17    Spells: 0/0 levels left

rFire    . . .     SeeInvis .   i - +0 whip (venom)
rCold    . . .     Faith    .   h - +0 buckler
rNeg     . . .     Spirit   .   b - +0 robe
rPois    .         Reflect  .   (no helmet)
rElec    .         Harm     .   (no cloak)
rCorr    .         Rampage  .   (no gloves)
Will     .....                  (no boots)
Stlth    ++........             (no amulet)
HPRegen  0.04/turn              (no ring)
MPRegen  0.08/turn              (no ring)

@: no status effects
A: no striking features
a: no special abilities


You were on level 3 of the Dungeon.
You visited 1 branch of the dungeon, and saw 3 of its levels.

You collected 6 gold pieces.

Inventory:

Hand Weapons
 a - a +0 short sword
 i - a +0 whip of venom (weapon)
Missiles
 d - 23 stones (quivered)
Armour
 b - a +0 robe (worn)
 h - a +0 buckler (worn)
Scrolls
 e - a scroll of immolation
 f - 2 scrolls of magic mapping
 g - a scroll of noise {unknown}
Potions
 c - 2 potions of attraction {unknown}


   Skills:
 - Level 2.4 Fighting
 - Level 3.0 Short Blades
 - Level 3.6 Dodging
 + Level 3.1 Stealth


You couldn't memorise any spells.
You didn't know any spells.
Your spell library was empty.

Dungeon Overview and Level Annotations

Branches:
Dungeon (3/15)

Altars:


Message History

g - a scroll labelled ATYUBU RISIOL
As you read the scroll labelled TIEJ MEKHLUAXU, it crumbles to dust.
You feel aware of your surroundings.
It was a scroll of magic mapping.
There is an escape hatch in the floor here.
You slide downwards.
The hatch slams shut behind you.
Found a stone staircase leading down.
Unknown command.
Found a buckler.
There is a stone staircase leading down here.
You see here a +0 buckler.
You start putting on your armour.
You continue putting on your +0 buckler. x4
You finish putting on your +0 buckler.
There is a stone staircase leading down here.
You climb downwards.
Found a glowing whip.
There is a stone staircase leading up here.
Unknown command.
Found a stone staircase leading up.
A rat comes into view.
You see here a +0 whip of venom.
Your +0 whip of venom begins to drip with poison!
i - a +0 whip of venom (weapon)
The rat closely misses you.
You closely miss the rat. You block the rat's attack.
You barely miss the rat. The rat closely misses you.
You hit the rat.
You kill the rat!
An adder comes into view.
Unknown command.
You barely miss the adder. The adder barely misses you.
You hit the adder.
The adder is lightly wounded.
The adder closely misses you. The adder barely misses you.
You hit the adder.
The adder is poisoned.
The adder is moderately wounded.
The adder bites you.
* * * LOW HITPOINT WARNING * * *
The adder bites you.
You die...

..........#...<.........<..#
.######...........########.#
##.##.......# # #.####...#.#
#.# #...#.# #.# ##.##.# #.#
#.##.# #.#####.##.#
#...S@.....# #..######.....#
# ...#.. #... #.## ... ##


You could see an adder (very poisoned).

Vanquished Creatures
  A ball python (D:1)
  A giant cockroach (D:1)
  A goblin (D:1)
  A rat (D:3)
4 creatures vanquished.

Notes
Turn   | Place    | Note
-------+----------+-------------------------------------------
     0 | D:1      | Spectrina the Deep Elf Monk began the quest for the Orb.
     0 | D:1      | Reached XP level 1. HP: 13/13 MP: 3/3
    35 | D:1      | Found a faded altar of an unknown god.
   149 | D:3      | Slain by an adder

Illustrated notes

Levels and vault maps discovered:
D:1:      wander_arrival_estate, layout_basic, hellmonk_ecumenical_altar_blasted
D:2:      layout_basic, kennysheep_decorative_pillar
D:3:      layout_loops_ring, minivault_25, minmay_misc_feat_pillars

Skill      XL: |  1 |
---------------+----+-----
Stealth        | 3 |  3.1
Fighting       | |  2.4
Short Blades   | |  3.0
Dodging        | |  3.6

Action                   || total
-------------------------++-------
Melee: Short sword       ||     8
       Whip              ||     6
  Use: Scroll            ||     1
Dodge: Dodged            ||    10
Block: Buckler           ||     1
